 Dungeon Crawl Stone Soup version 0.24.0-123-gd5b16e6ec5 (webtiles) character file.

Game seed: 14179328973403408407, levelgen mode: deterministic

38 Kobolds4U the Sneak (level 3, -8/19 HPs)
             Began as a Deep Elf Wizard on Dec 21, 2019.
             Killed from afar by Sigmund (10 damage)
             ... with a puff of flame
             ... on level 2 of the Dungeon.
             The game lasted 00:02:38 (1289 turns).

Kobolds4U the Sneak (Deep Elf Wizard)               Turns: 1289, Time: 00:02:39

Health: -8/19      AC:  2    Str:  5    XL:     3   Next: 25%
Magic:  8/10       EV: 13    Int: 22    God:
Gold:   35         SH:  0    Dex: 13    Spells: 7/10 levels left

rFire    . . .     SeeInvis .   c - +0 dagger
rCold    . . .     Gourm    .   (no shield)
rNeg     . . .     Faith    .   a - +0 robe
rPois    .         Spirit   .   b - +0 hat
rElec    .         Reflect  .   (no cloak)
rCorr    .         Harm     .   (no gloves)
MR       .....                  (no boots)
Stlth    +++.......             (no amulet)
HPRegen  0.06/turn              (no ring)
MPRegen  0.12/turn              (no ring)

@: no status effects
A: no striking features
a: no special abilities


You were on level 2 of the Dungeon.
You were not hungry.

You visited 1 branch of the dungeon, and saw 2 of its levels.

You collected 35 gold pieces.

Inventory:

Hand Weapons
 c - a +0 dagger (weapon)
Armour
 a - a +0 robe (worn)
 b - a +0 hat (worn)
Jewellery
 i - a +4 ring of strength {unknown}
Scrolls
 g - a scroll of teleportation {unknown}
 j - a scroll of identify {unknown}
 l - a scroll of blinking {unknown}
Potions
 e - a potion of curing {unknown}
 f - a potion of flight {unknown}
 h - a potion of haste {unknown}
 k - a potion of resistance {unknown}
Comestibles
 d - a ration


   Skills:
 - Level 2.4 Dodging
 + Level 4.9 Stealth
 - Level 4.4 Spellcasting
 - Level 1.1 Conjurations
   Level 1.1 Summonings
 - Level 1.1 Translocations


You had 7 spell levels left.
You knew the following spells:

 Your Spells              Type           Power        Failure   Level  Hunger
a - Magic Dart            Conj           #...         7%          1    None
b - Blink                 Tloc           N/A          11%         2    #......

Your spell library contained the following spells:

 Spells                   Type           Power        Failure   Level  Hunger
 Call Imp                 Summ           #.......     11%         2    #......
 Slow                     Hex            #.......     16%         2    #......
 Conjure Flame            Conj/Fire      #.......     26%         3    ##.....
 Mephitic Cloud           Conj/Pois/Air  #.......     28%         3    ##.....


Dungeon Overview and Level Annotations

Branches:
Dungeon (2/15)

Altars:
Xom

Annotations:
D:2 Sigmund


Message History

Aim: a giant cockroach (severely wounded, clinging)
The magic dart hits the giant cockroach.
You kill the giant cockroach!
Something hits you!
Casting: Magic Dart (safe; 7% risk of failure)
Confirm with . or Enter, or press ? or * to list all spells.
You can't see any susceptible monsters within range! (Use Z to cast anyway.)
You hear some strange, mumbled words.
Something tries to affect you, but you resist.
You see here a scroll labeled VUKKUC ANLAUCH.
l - a scroll labeled VUKKUC ANLAUCH Something hits you!
Ouch! That really hurt!
* * * LOW HITPOINT WARNING * * *
Found 10 gold pieces.
Something tries to affect you, but you resist.
A puff of flame appears from out of thin air!
The puff of flame hits you!
Ouch! That really hurt!
You die...

# #..........#
########.....###
...............# ####
##########.###.# #### ####....
# #.###.#####.. ........
#...........# #.......
###.#.#####.# ##.......
######.##..#....# #........
..........[.@.##.####.......$
#######.#.#...##.ยง.....$.....
##...#..########!..#.%.
####.##..# #.......
$........#### #..#....
####...{....# #..##...
###...##.# #@...... #...##.#
#..####. #...##.#####..####.


There were no monsters in sight!

Vanquished Creatures
  2 adders (D:2)
  A leopard gecko (D:1)
  A ball python (D:1)
  3 bats (D:1)
  2 giant cockroaches
  A hobgoblin (D:1)
  A kobold (D:1)
  2 frilled lizards
  3 goblins (D:1)
  3 rats
19 creatures vanquished.

Notes
Turn   | Place    | Note
-------+----------+-------------------------------------------
     0 | D:1      | Kobolds4U the Deep Elf Wizard began the quest for the Orb.
     0 | D:1      | Reached XP level 1. HP: 10/10 MP: 7/7
    44 | D:1      | Found a shimmering altar of Xom.
   236 | D:1      | Reached XP level 2. HP: 13/15 MP: 5/9
   240 | D:1      | Learned a level 2 spell: Blink
  1195 | D:2      | Reached XP level 3. HP: 19/19 MP: 4/10
  1253 | D:2      | Noticed Sigmund
  1289 | D:2      | Killed from afar by Sigmund

Levels and vault maps discovered:
D:1:      dpeg_arrival_renting, layout_basic, corexii_leaking_fountain,
          xom_teletrap_fun
D:2:      layout_loops_ring, nicolae_overflow_hidden_temple,
          minmay_misc_feat_pillars, uniq_sigmund, uniq_natasha

Skill      XL: |  1  2 |
---------------+-------+-----
Stealth        | 3 4 |  4.9
Dodging        | |  2.4
Spellcasting   | |  4.4
Conjurations   | |  1.1
Summonings     | |  1.1
Translocations | |  1.1

Action                   || total
-------------------------++-------
Melee: Dagger            ||     1
 Cast: Magic Dart        ||    51
       Blink             ||     1
  Eat: Chunk             ||     1
Armor: Robe              ||     2
Dodge: Dodged            ||    12
